 Dungeon Crawl Stone Soup version 0.30.1-3-gfc49f6343a (webtiles) character file.

Game seed: 9424023000910924890

425 Kranky the Nimble (level 6, -9/44 HPs)
             Began as a Gnoll Wanderer on July 30, 2023.
             Mangled by an ogre
             ... wielding a +0 giant club
              (16 damage)
             ... on level 5 of the Dungeon.
             The game lasted 00:08:45 (3395 turns).

Kranky the Nimble (Gnoll Wanderer)                  Turns: 3395, Time: 00:08:46

Health: -9/44      AC:  8    Str: 12    XL:     6   Next: 96%
Magic:  11/11      EV: 12    Int: 14    God:
Gold:   230        SH:  4    Dex: 10    Spells: 10/12 levels left

rFire   . . .        A - +2 war axe (flame)
rCold   . . .        n - +0 buckler
rNeg    . . .        o - +0 ring mail
rPois   .            (no helmet)
rElec   .            (no cloak)
rCorr   .            d - +0 pair of gloves
SInv    .            y - +0 pair of boots
Will    .....        (no amulet)
Stlth   +            (no ring)
HPRegen 0.27/turn    (no ring)
MPRegen 0.12/turn

%: no passive effects
@: no status effects
A: fangs 1, strong nose, distributed training
a: no special abilities


You were on level 5 of the Dungeon.
You visited 1 branch of the dungeon, and saw 5 of its levels.

You collected 230 gold pieces.

Inventory:

Hand Weapons
 a - a +0 club
 u - a +0 flail
 A - a +2 war axe of flaming (weapon)
Missiles
 t - a throwing net (quivered)
Armour
 c - a +0 leather armour
 d - a +0 pair of gloves (worn)
 n - a +0 buckler (worn)
 o - a +0 ring mail (worn)
 y - a +0 pair of boots (worn)
Wands
 q - a wand of polymorph (14)
 z - a wand of flame (17)
 B - a wand of charming (4)
Scrolls
 b - a scroll of blinking
 e - 3 scrolls of identify {unknown}
 f - 3 scrolls of teleportation {unknown}
 h - 2 scrolls of brand weapon {unknown}
 i - a scroll of fog {unknown}
 k - a scroll of torment {unknown}
 m - 3 scrolls of magic mapping {unknown}
 r - a scroll of enchant weapon {unknown}
 w - a scroll of immolation {unknown}
Potions
 g - a potion of brilliance {unknown}
 j - 2 potions of flight {unknown}
 l - a potion of might {unknown}
 p - 5 potions of curing {unknown}
 s - a potion of ambrosia {unknown}
 v - a potion of degeneration {unknown}
 x - a potion of attraction {unknown}


   Skills:
 + Level 2.2 Fighting
 + Level 2.2 Short Blades
 + Level 2.2 Long Blades
 + Level 2.2 Axes
 + Level 2.2 Maces & Flails
 + Level 2.2 Polearms
 + Level 2.2 Staves
 + Level 2.2 Ranged Weapons
 + Level 2.2 Throwing
 + Level 3.4 Armour
 + Level 8.8 Dodging
 + Level 3.3 Stealth
 + Level 2.2 Shields
 + Level 2.2 Unarmed Combat
 + Level 3.6 Spellcasting
 + Level 1.8 Conjurations
 + Level 2.8 Hexes
 + Level 1.8 Summonings
 + Level 1.8 Necromancy
 + Level 1.8 Translocations
 + Level 1.8 Transmutations
 + Level 1.8 Fire Magic
 + Level 1.8 Ice Magic
 + Level 1.8 Air Magic
 + Level 4.2 Earth Magic
 + Level 1.8 Poison Magic
 + Level 2.5 Invocations
 + Level 2.2 Evocations


You had 10 spell levels left.
You knew the following spells:

 Your Spells              Type           Power      Damage    Failure   Level
a - Sandblast             Erth           28%        2d8       11%         1
b - Slow                  Hex            40%        N/A       19%         1

Your spell library contained the following spells:

 Spells                   Type           Power      Damage    Failure   Level
 Passwall                 Tmut/Erth      9%         N/A       26%         2
 Static Discharge         Conj/Air       14%        2-3/arc   41%         2
 Sublimation of Blood     Necr           7%         N/A       41%         2
 Stone Arrow              Conj/Erth      22%        3d8       47%         3
 Summon Guardian Golem    Hex/Summ       9%         N/A       56%         3
 Ignite Poison            Fire/Tmut/Pois 7%         N/A       65%         3
 Petrify                  Tmut/Erth      11%        N/A       87%         4
 Airstrike                Air            3%         2d(1-17)  96%         4
 Sticky Flame             Conj/Fire      7%         2d3       96%         4
 Summon Lightning Spire   Summ/Air       7%         N/A       96%         4
 Irradiate                Conj/Tmut      3%         3d12      100%        5
 Ignition                 Fire           3%         3d4       100%        8


Dungeon Overview and Level Annotations

Branches:
Dungeon (5/15)
 Temple: D:4-7

Altars:
Qazlal
Trog
Vehumet
Xom

Shops:
D:1 !   D:2 =


Innate Abilities, Weirdness & Mutations

You have very sharp teeth.
Your uncanny sense of smell can sniff out nearby items.
Your experience applies equally to all skills.


Message History

The ogre hits you but does no damage. The ogre attacks as you move away!
You block the ogre's attack.
The ice beast hits you but does no damage.
You completely miss the ice beast. The ice beast barely misses you.
The ice beast misses you. The ogre hits you with a +0 giant club!
The ice beast attacks as you move away! The ice beast hits you.
The ice beast freezes you!
You barely miss the ice beast.
You bite the ice beast, but do no damage.
The ice beast barely misses you.
You closely miss the ice beast. The ice beast completely misses you.
The ice beast hits you but does no damage.
You closely miss the ice beast. The ice beast hits you.
The ice beast freezes you!
* * * LOW HITPOINT WARNING * * *
You hit the ice beast.
You melt the ice beast.
The ice beast is lightly wounded.
The ice beast barely misses you. x2
You slash the ice beast!
You melt the ice beast.
The ice beast is heavily wounded.
The ice beast hits you but does no damage.
You slash the ice beast!
You melt the ice beast.
The ice beast is almost dead.
The ice beast closely misses you.
You hit the ice beast.
You melt the ice beast.
You kill the ice beast!
You hit the ogre. You burn the ogre.
The ogre is severely wounded.
The ogre misses you.
You barely miss the ogre.
The ogre is severely wounded.
The ogre hits you with a +0 giant club!
* * * LOW HITPOINT WARNING * * *
You barely miss the ogre. You bite the ogre, but do no damage.
The ogre is severely wounded.
The ogre barely misses you.
You hit the ogre but do no damage.
The ogre is severely wounded.
The ogre hits you with a +0 giant club!
You die...

##............
...#.......... ..#
.........# ###
.........#
.........#
.........###
...........###
.........#.O.#
############@# #.#
################.#
.................#
##################


You could see an ogre.

Vanquished Creatures
  An ice beast (D:5)
  2 scorpions
  A jelly (D:4)
  An orc priest (D:5)
  An iguana (D:4)
  4 adders
  4 gnolls
  A dart slug (D:2)
  9 orcs
  7 endoplasms
  3 giant cockroaches
  2 hobgoblins
  3 jackals (D:2)
  6 kobolds
  A quokka (D:2)
  4 ball pythons (D:4)
  5 bats
  A frilled lizard (D:2)
  6 goblins
  2 rats
64 creatures vanquished.

Notes
Turn   | Place    | Note
-------+----------+-------------------------------------------
     0 | D:1      | Kranky the Gnoll Wanderer began the quest for the Orb.
     0 | D:1      | Kranky set off with the following items: a +0 club, a
                  | scroll of blinking, a +0 leather armour, a +0 pair of
                  | gloves; and the following spells available to memorise:
                  | Sandblast, Slow, Stone Arrow, Summon Guardian Golem,
                  | Petrify.
     0 | D:1      | Reached XP level 1. HP: 13/13 MP: 4/4
     2 | D:1      | Learned a level 1 spell: Sandblast
     4 | D:1      | Learned a level 1 spell: Slow
   136 | D:1      | Found a faded altar of an unknown god.
   205 | D:1      | Found Numoff's Distillery.
   419 | D:1      | Reached XP level 2. HP: 16/19 MP: 3/5
   610 | D:2      | Found Nuv Voog's Jewellery Shoppe.
   648 | D:2      | Reached XP level 3. HP: 25/25 MP: 1/7
   788 | D:2      | Reached skill level 1 in Invocations
   968 | D:2      | Reached skill level 1 in Fighting
   968 | D:2      | Reached skill level 1 in Short Blades
   968 | D:2      | Reached skill level 1 in Long Blades
   968 | D:2      | Reached skill level 1 in Axes
   968 | D:2      | Reached skill level 1 in Maces & Flails
   968 | D:2      | Reached skill level 1 in Polearms
   968 | D:2      | Reached skill level 1 in Staves
   968 | D:2      | Reached skill level 1 in Ranged Weapons
   968 | D:2      | Reached skill level 1 in Throwing
   968 | D:2      | Reached skill level 1 in Shields
   968 | D:2      | Reached skill level 1 in Unarmed Combat
   968 | D:2      | Reached skill level 1 in Evocations
  1460 | D:3      | Found a bloodstained altar of Trog.
  1482 | D:3      | Found a shimmering altar of Xom.
  1618 | D:3      | Found a stormy altar of Qazlal.
  1632 | D:3      | Reached XP level 4. HP: 21/32 MP: 4/8
  1787 | D:3      | Reached skill level 1 in Conjurations
  1787 | D:3      | Reached skill level 1 in Summonings
  1787 | D:3      | Reached skill level 1 in Necromancy
  1787 | D:3      | Reached skill level 1 in Translocations
  1787 | D:3      | Reached skill level 1 in Transmutations
  1787 | D:3      | Reached skill level 1 in Fire Magic
  1787 | D:3      | Reached skill level 1 in Ice Magic
  1787 | D:3      | Reached skill level 1 in Air Magic
  1787 | D:3      | Reached skill level 1 in Poison Magic
  1988 | D:4      | Reached XP level 5. HP: 28/37 MP: 2/9
  2636 | D:4      | Found a radiant altar of Vehumet.
  2829 | D:4      | Reached XP level 6. HP: 44/44 MP: 9/11
  3207 | D:5      | Entered Level 5 of the Dungeon
  3375 | D:5      | Noticed an ice beast
  3391 | D:5      | Killed an ice beast
  3395 | D:5      | Mangled by an ogre

Illustrated notes

Levels and vault maps discovered:
D:1:      saegor_arrival_simple_d, layout_rooms, serial_shops, shop,
          ebering_ecumenical_altar_hall
D:2:      layout_basic, serial_shops, nicolae_shop_rolling_square,
          chequers_serial_rivers_large_a
D:3:      layout_rooms, mainiacjoe_overflow_concentric_impassable,
          mainiacjoe_overflow_catch_the_wave, minmay_distorted
D:4:      layout_basic, vehumet_altar_wand_db
D:5:      layout_rooms, ebering_ghost_rock_garden

Skill      XL: |  1  2  3  4  5  6 |
---------------+-------------------+-----
Hexes          | 2 |  2.8
Invocations    | 1 2 |  2.5
Fighting       | 1 2 |  2.2
Short Blades   | 1 2 |  2.2
Long Blades    | 1 2 |  2.2
Axes           | 1 2 |  2.2
Maces & Flails | 1 2 |  2.2
Polearms       | 1 2 |  2.2
Staves         | 1 2 |  2.2
Ranged Weapons | 1 2 |  2.2
Throwing       | 1 2 |  2.2
Shields        | 1 2 |  2.2
Unarmed Combat | 1 2 |  2.2
Evocations     | 1 2 |  2.2
Spellcasting   | 3 |  3.6
Conjurations   | 1 |  1.8
Summonings     | 1 |  1.8
Necromancy     | 1 |  1.8
Translocations | 1 |  1.8
Transmutations | 1 |  1.8
Fire Magic     | 1 |  1.8
Ice Magic      | 1 |  1.8
Air Magic      | 1 |  1.8
Poison Magic   | 1 |  1.8
Armour         | 3 |  3.4
Earth Magic    | 4 |  4.2
Stealth        | 3 |  3.3
Dodging        | |  8.8

Action                     |  1- 3 |  4- 6 || total
---------------------------+-------+-------++-------
  Melee: Club              |     4 |       ||     4
         Bite              |     1 |     5 ||     6
         Flail             |       |    15 ||    15
         War axe           |       |    25 ||    25
   Cast: Sandblast         |    57 |    56 ||   113
 Armour: Leather armour    |     6 |       ||     6
         Ring mail         |     4 |    22 ||    26
  Dodge: Dodged            |    16 |    47 ||    63
  Block: Buckler           |     3 |    12 ||    15
